| TOP OF THE 1ST |
|
Winston-Salem Spirits batting - Pitching for Rocky Mount Leafs : RHP Vic Irizarry
|
|
Pitching: RHP Vic Irizarry
|
|
|
Batting: SHB Mark Wiesler
|
0-0: Called Strike 0-1: Foul Ball, location: 2F 0-2: Ball 1-2: Foul Ball, location: 2F 1-2: Strikes out swinging
|
|
Batting: RHB Angelo Ross
|
0-0: Ball 1-0: Fly out, F8 (Flyball, 8RD, EV 86.9 MPH)
|
|
Batting: RHB Jeff Doerr
|
0-0: Ball 1-0: Ball 2-0: Fly out, F8 (Flyball, 8RM, EV 78.1 MPH)
|
| Top of the 1st over - 0 runs, 0 hits, 0 errors, 0 left on base; Winston-Salem 0 - Rocky Mount 0 |
| BOTTOM OF THE 1ST |
|
Rocky Mount Leafs batting - Pitching for Winston-Salem Spirits : LHP Mike Foster
|
|
Pitching: LHP Mike Foster
|
|
|
Batting: LHB Ronald Naclerio
|
0-0: Ball 1-0: Swinging Strike 1-1: Swinging Strike 1-2: Ball 2-2: Ball 3-2: Ground out 4-3 (Groundball, 4, EV 83.8 MPH)
|
|
Batting: RHB Ricardo Villasenor
|
0-0: Ball 1-0: Called Strike 1-1: Foul Ball, location: 2F 1-2: Foul Ball, location: 2F 1-2: Strikes out swinging
|
|
Batting: RHB Glen Bockhorn
|
0-0: Ball 1-0: Foul Ball, location: 2F 1-1: Fly out, F8 (Flyball, 78M, EV 85.6 MPH)
|
| Bottom of the 1st over - 0 runs, 0 hits, 0 errors, 0 left on base; Winston-Salem 0 - Rocky Mount 0 |
| TOP OF THE 2ND |
|
Winston-Salem Spirits batting - Pitching for Rocky Mount Leafs : RHP Vic Irizarry
|
|
Batting: RHB Elijah Ben
|
0-0: Ball 1-0: Ball 2-0: Ball 3-0: Base on Balls
|
|
Batting: LHB Jerome Coleman
|
0-0: Ball 1-0: Foul Ball, location: 2F 1-1: Ball 2-1: Ball 3-1: Called Strike 3-2: Foul Ball, location: 2F 3-2: Ground out 5-3 (Groundball, 56, EV 98.1 MPH) Elijah Ben to second
|
|
Batting: RHB Buddy Bailey
|
0-0: Called Strike 0-1: Swinging Strike 0-2: Strikes out swinging
|
|
Batting: RHB Larry Reasonover
|
0-0: Fly out, F7 (Line Drive, 7, EV 92.5 MPH)
|
| Top of the 2nd over - 0 runs, 0 hits, 0 errors, 1 left on base; Winston-Salem 0 - Rocky Mount 0 |
| BOTTOM OF THE 2ND |
|
Rocky Mount Leafs batting - Pitching for Winston-Salem Spirits : LHP Mike Foster
|
|
Batting: RHB Kevin McGann
|
0-0: Ball 1-0: Ball 2-0: Ball 3-0: Base on Balls
|
|
Batting: RHB James Camacho
|
0-0: Ball 1-0: Foul Ball, location: 2F 1-1: Foul Ball, location: 2F 1-2: Fly out, F8 (Line Drive, 8RD, EV 108.1 MPH)
|
|
Batting: RHB Theodore Smith
|
0-0: Ball 1-0: Ball 2-0: Ball 3-0: Base on Balls Kevin McGann to second
|
|
Batting: RHB Sergio Loya
|
0-0: Foul Ball, location: 2F 0-1: Called Strike 0-2: Ball 1-2: Fielders Choice at 2nd, 1-6 (Groundball, 34S, EV 74.4 MPH) Kevin McGann to third
|
|
Batting: RHB Brian Poldberg
|
0-0: Ball 1-0: Foul Ball, location: 2F 1-1: Ball 2-1: Called Strike 2-2: Fly out, F8 (Flyball, 89M, EV 88.8 MPH)
|
| Bottom of the 2nd over - 0 runs, 0 hits, 0 errors, 2 left on base; Winston-Salem 0 - Rocky Mount 0 |
| TOP OF THE 3RD |
|
Winston-Salem Spirits batting - Pitching for Rocky Mount Leafs : RHP Vic Irizarry
|
|
Batting: RHB Ell Roberson
|
0-0: Ball 1-0: Ball 2-0: Foul Ball, location: 2F 2-1: SINGLE (Line Drive, 3D, EV 95.0 MPH)
|
|
Batting: RHB Kelly Miller
|
0-0: Ball 1-0: Called Strike 1-1: Ball Wild Pitch! Ell Roberson to second 2-1: Ball 3-1: Base on Balls
|
|
Batting: SHB Mark Wiesler
|
0-0: Called Strike 0-1: Foul Ball, location: 2F 0-2: Fielders Choice at 2nd, 5-4 (Groundball, 56S, EV 90.0 MPH) Ell Roberson to third
|
|
Batting: RHB Angelo Ross
|
0-0: Called Strike 0-1: Ball 1-1: Ball 2-1: Foul Ball, location: 2F 2-2: Foul Ball, location: 2F 2-2: Grounds into double play, 5-4-3 (Groundball, 56, EV 83.8 MPH)
|
| Top of the 3rd over - 0 runs, 1 hit, 0 errors, 1 left on base; Winston-Salem 0 - Rocky Mount 0 |
| BOTTOM OF THE 3RD |
|
Rocky Mount Leafs batting - Pitching for Winston-Salem Spirits : LHP Mike Foster
|
|
Batting: RHB Todd Cruz
|
0-0: Swinging Strike 0-1: Ball 1-1: Ball 2-1: Bunt missed! 2-2: Ball 3-2: Foul Ball, location: 2F 3-2: Base on Balls
|
|
Batting: LHB Ronald Naclerio
|
0-0: SINGLE (Line Drive, 34D, EV 100.0 MPH) Todd Cruz to second Runner from 2nd tries for 3rd, SAFE, no throw by RF
|
|
Batting: RHB Ricardo Villasenor
|
0-0: Called Strike 0-1: Fielders Choice at 2nd, 5-4 (Groundball, 56, EV 78.8 MPH) Todd Cruz scores
|
|
Batting: RHB Glen Bockhorn
|
0-0: Ball 1-0: Foul Ball, location: 2F 1-1: Ball 2-1: Ball 3-1: Base on Balls Ricardo Villasenor to second
|
|
Batting: RHB Kevin McGann
|
0-0: Ball Ricardo Villasenor steals 3rd base (no throw) 1-0: Fly out, F5 (Popup, 25, EV 92.5 MPH)
|
|
Batting: RHB James Camacho
|
0-0: Called Strike 0-1: Ball 1-1: Ball 2-1: Foul Ball, location: 2F 2-2: Foul Ball, location: 2F 2-2: Ball 3-2: Fly out, F9 (Flyball, 9S, EV 86.9 MPH)
|
| Bottom of the 3rd over - 1 run, 1 hit, 0 errors, 2 left on base; Winston-Salem 0 - Rocky Mount 1 |
| TOP OF THE 4TH |
|
Winston-Salem Spirits batting - Pitching for Rocky Mount Leafs : RHP Vic Irizarry
|
|
Batting: RHB Jeff Doerr
|
0-0: Ground out 5-3 (Groundball, 56S, EV 85.0 MPH)
|
|
Batting: RHB Elijah Ben
|
0-0: Ball 1-0: Called Strike 1-1: Foul Ball, location: 2F 1-2: Ball 2-2: Foul Ball, location: 2F 2-2: Fly out, F4 (Popup, 34S, EV 71.3 MPH)
|
|
Batting: LHB Jerome Coleman
|
0-0: Called Strike 0-1: Ball 1-1: SINGLE (Groundball, 4D, EV 96.3 MPH)
|
|
Batting: RHB Buddy Bailey
|
0-0: Called Strike 0-1: Fly out, F8 (Line Drive, 8LD, EV 90.0 MPH)
|
| Top of the 4th over - 0 runs, 1 hit, 0 errors, 1 left on base; Winston-Salem 0 - Rocky Mount 1 |
| BOTTOM OF THE 4TH |
|
Rocky Mount Leafs batting - Pitching for Winston-Salem Spirits : LHP Mike Foster
|
|
Batting: RHB Theodore Smith
|
0-0: Called Strike 0-1: Ball 1-1: Swinging Strike 1-2: Ball 2-2: Strikes out swinging
|
|
Batting: RHB Sergio Loya
|
0-0: Fly out, F7 (Line Drive, 7D, EV 103.8 MPH)
|
|
Batting: RHB Brian Poldberg
|
0-0: Ball 1-0: Foul Ball, location: 2F 1-1: Ground out 4-3 (Groundball, 4S, EV 68.8 MPH)
|
| Bottom of the 4th over - 0 runs, 0 hits, 0 errors, 0 left on base; Winston-Salem 0 - Rocky Mount 1 |
| TOP OF THE 5TH |
|
Winston-Salem Spirits batting - Pitching for Rocky Mount Leafs : RHP Vic Irizarry
|
|
Batting: RHB Larry Reasonover
|
0-0: Swinging Strike 0-1: Ground out 4-3 (Groundball, 4, EV 84.4 MPH)
|
|
Batting: RHB Ell Roberson
|
0-0: Called Strike 0-1: SINGLE (Groundball, 4MD, EV 106.9 MPH)
|
|
Batting: RHB Kelly Miller
|
0-0: Ball 1-0: Foul Ball, location: 2F 1-1: Called Strike 1-2: Fly out, F9 (Flyball, 89M, EV 91.9 MPH)
|
|
Batting: SHB Mark Wiesler
|
0-0: Ball 1-0: Ball 2-0: Ball 3-0: Called Strike 3-1: Base on Balls Ell Roberson to second
|
|
Batting: RHB Angelo Ross
|
0-0: Foul Ball, location: 2F 0-1: Ground out 5-3 (Groundball, 25, EV 87.5 MPH)
|
| Top of the 5th over - 0 runs, 1 hit, 0 errors, 2 left on base; Winston-Salem 0 - Rocky Mount 1 |
| BOTTOM OF THE 5TH |
|
Rocky Mount Leafs batting - Pitching for Winston-Salem Spirits : LHP Mike Foster
|
|
Batting: RHB Todd Cruz
|
0-0: Ball 1-0: Ball 2-0: Fly out, F4 (Popup, 4M, EV 61.9 MPH)
|
|
Batting: LHB Ronald Naclerio
|
0-0: SINGLE (Groundball, 4D, EV 98.1 MPH)
|
|
Batting: RHB Ricardo Villasenor
|
0-0: Ball 1-0: Called Strike Ronald Naclerio is caught stealing 2nd base 2-4 1-1: Foul Ball, location: 2F 1-2: Ball 2-2: SINGLE (Groundball, 6MD, EV 108.8 MPH)
|
|
Batting: RHB Glen Bockhorn
|
0-0: Called Strike 0-1: Ball 1-1: SINGLE (Flyball, 5D, EV 88.8 MPH) Ricardo Villasenor to second
|
|
Batting: RHB Kevin McGann
|
0-0: Foul Ball, location: 2F 0-1: Ball 1-1: Swinging Strike 1-2: Foul Ball, location: 2F 1-2: Ball 2-2: SINGLE (Line Drive, 89S, EV 88.8 MPH) Ricardo Villasenor to third Glen Bockhorn to second Runner from 3rd tries for Home, SAFE, throw by CF to home
|
|
Batting: RHB James Camacho
|
0-0: Ball 1-0: Foul Ball, location: 2F 1-1: Fly out, F8 (Flyball, 89D, EV 95.0 MPH)
|
| Bottom of the 5th over - 1 run, 4 hits, 0 errors, 2 left on base; Winston-Salem 0 - Rocky Mount 2 |
| TOP OF THE 6TH |
|
Winston-Salem Spirits batting - Pitching for Rocky Mount Leafs : RHP Vic Irizarry
|
|
Batting: RHB Jeff Doerr
|
0-0: Fly out, F8 (Flyball, 8LM, EV 83.1 MPH)
|
|
Batting: RHB Elijah Ben
|
0-0: Swinging Strike 0-1: Foul Ball, location: 2F 0-2: Ball 1-2: Foul Ball, location: 2F 1-2: Ball 2-2: Fly out, F8 (Flyball, 8LXD, EV 88.1 MPH)
|
|
Batting: LHB Jerome Coleman
|
0-0: Swinging Strike 0-1: Called Strike 0-2: Strikes out swinging
|
| Top of the 6th over - 0 runs, 0 hits, 0 errors, 0 left on base; Winston-Salem 0 - Rocky Mount 2 |
| BOTTOM OF THE 6TH |
|
Rocky Mount Leafs batting - Pitching for Winston-Salem Spirits : LHP Mike Foster
|
|
Batting: RHB Theodore Smith
|
0-0: Ball 1-0: Ball 2-0: Foul Ball, location: 2F 2-1: Ball 3-1: Foul Ball, location: 2F 3-2: Base on Balls
|
|
Batting: RHB Sergio Loya
|
0-0: Bunted foul 0-1: Sac Bunt to 13 - play at first, batter OUT! 1-4 Theodore Smith to second
|
|
Batting: RHB Brian Poldberg
|
0-0: Intentional Walk
|
|
Batting: RHB Todd Cruz
|
0-0: SINGLE (Groundball, P, EV 80.0 MPH) (infield hit) Theodore Smith to third Brian Poldberg to second
|
|
Batting: LHB Ronald Naclerio
|
0-0: Ball Wild Pitch! Theodore Smith scores Brian Poldberg to third Todd Cruz to second 1-0: Ball 2-0: SINGLE (Groundball, 4MD, EV 95.0 MPH) Brian Poldberg scores Todd Cruz to third Runner from 3rd tries for Home, SAFE, throw by CF to home
|
|
Pitching: LHP Dominick Bullinger
|
|
|
Batting: RHB Ricardo Villasenor
|
0-0: Ball 1-0: Ball 2-0: Fly out, F7 (Flyball, 7, EV 96.3 MPH)
|
|
Batting: RHB Glen Bockhorn
|
0-0: Ball 1-0: Fly out, F8 (Flyball, 8LXD, EV 102.5 MPH)
|
| Bottom of the 6th over - 3 runs, 2 hits, 0 errors, 1 left on base; Winston-Salem 0 - Rocky Mount 5 |
| TOP OF THE 7TH |
|
Winston-Salem Spirits batting - Pitching for Rocky Mount Leafs : RHP Vic Irizarry
|
|
Batting: RHB Buddy Bailey
|
0-0: Ball 1-0: Ball 2-0: Called Strike 2-1: Fly out, F3 (Popup, 3SF, EV 82.5 MPH)
|
|
Batting: RHB Larry Reasonover
|
0-0: Ball 1-0: Ball 2-0: Ball 3-0: Called Strike 3-1: Base on Balls
|
|
Batting: RHB Ell Roberson
|
0-0: SINGLE (Line Drive, 9S, EV 90.0 MPH) Larry Reasonover to second Runner from 2nd tries for 3rd, SAFE, throw by RF made to third
|
|
Batting: RHB Kelly Miller
|
0-0: Called Strike Ell Roberson steals 2nd base 0-1: Ball 1-1: Ball 2-1: Swinging Strike 2-2: Ground out 4-3 (Groundball, 4, EV 76.9 MPH) Larry Reasonover scores Ell Roberson to third
|
|
Batting: SHB Mark Wiesler
|
0-0: Swinging Strike 0-1: SINGLE (Groundball, 34D, EV 108.8 MPH) Ell Roberson scores
|
|
Batting: RHB Angelo Ross
|
0-0: Foul Ball, location: 2F 0-1: Ball 1-1: SINGLE (Groundball, 34S, EV 78.1 MPH) (infield hit) Mark Wiesler to second
|
|
Batting: RHB Jeff Doerr
|
0-0: Ball 1-0: Ball 2-0: Foul Ball, location: 2F 2-1: Foul Ball, location: 2F 2-2: 3-RUN HOME RUN (Flyball, 9D, EV 101.9 MPH), Distance : 381 ft
|
|
Pitching: RHP Nicolas Decena
|
|
|
Batting: RHB Elijah Ben
|
0-0: Called Strike 0-1: Ball 1-1: Foul Ball, location: 2F 1-2: Ball 2-2: Foul Ball, location: 2F 2-2: Foul Ball, location: 2F 2-2: Foul Ball, location: 2F 2-2: Ball 3-2: Foul Ball, location: 2F 3-2: Fly out, F6 (Popup, 4M, EV 69.4 MPH)
|
| Top of the 7th over - 5 runs, 4 hits, 0 errors, 0 left on base; Winston-Salem 5 - Rocky Mount 5 |
| BOTTOM OF THE 7TH |
|
Rocky Mount Leafs batting - Pitching for Winston-Salem Spirits : LHP Dominick Bullinger
|
|
Batting: RHB Kevin McGann
|
0-0: Ball 1-0: SINGLE (Flyball, 4D, EV 83.8 MPH)
|
|
Batting: RHB James Camacho
|
0-0: Called Strike 0-1: Foul Ball, location: 2F 0-2: Ball 1-2: Foul Ball, location: 2F 1-2: Ball 2-2: Ball 3-2: Fielders Choice at 2nd, 6-4 (Groundball, 6, EV 84.4 MPH)
|
|
Batting: RHB Theodore Smith
|
0-0: Ball 1-0: Called Strike 1-1: Ball 2-1: Swinging Strike 2-2: SINGLE (Line Drive, 89S, EV 91.9 MPH) James Camacho to second Runner from 2nd tries for 3rd, SAFE, throw by RF made to third
|
|
Batting: RHB Sergio Loya
|
0-0: Ball 1-0: Called Strike 1-1: Ball 2-1: Called Strike 2-2: Foul Ball, location: 2F 2-2: Ball 3-2: Base on Balls Theodore Smith to second
|
|
Batting: RHB Brian Poldberg
|
0-0: Ball 1-0: Ball 2-0: Ball 3-0: Called Strike 3-1: DOUBLE (Line Drive, 78D, EV 105.6 MPH) James Camacho scores Theodore Smith scores Sergio Loya to third
|
|
Batting: RHB Todd Cruz
|
0-0: Ball 1-0: Called Strike 1-1: SINGLE (Flyball, 78S, EV 91.9 MPH) Sergio Loya scores Brian Poldberg to third Runner from 3rd tries for Home, SAFE, throw by LF to home
|
|
Pitching: LHP Michael Biedenkapp
|
|
|
Batting: LHB Ronald Naclerio
|
0-0: Ball 1-0: Swinging Strike 1-1: Ball 2-1: Fly out, F8 (Flyball, 8LD, EV 95.0 MPH)
|
|
Batting: RHB Ricardo Villasenor
|
0-0: Ball 1-0: Fielders Choice at 2nd, 6-4 (Groundball, 6, EV 85.0 MPH)
|
| Bottom of the 7th over - 4 runs, 4 hits, 0 errors, 1 left on base; Winston-Salem 5 - Rocky Mount 9 |
| TOP OF THE 8TH |
|
Winston-Salem Spirits batting - Pitching for Rocky Mount Leafs : RHP Nicolas Decena
|
|
Batting: LHB Jerome Coleman
|
0-0: Called Strike 0-1: Ball 1-1: Swinging Strike 1-2: Strikes out swinging
|
|
Batting: RHB Buddy Bailey
|
0-0: Ball 1-0: Swinging Strike 1-1: Called Strike 1-2: Strikes out swinging
|
|
Batting: RHB Larry Reasonover
|
0-0: Ball 1-0: Foul Ball, location: 2F 1-1: SINGLE (Groundball, 56D, EV 102.5 MPH)
|
|
Batting: RHB Ell Roberson
|
0-0: Called Strike 0-1: Foul Ball, location: 2F 0-2: Fly out, F7 (Flyball, 78D, EV 101.3 MPH)
|
| Top of the 8th over - 0 runs, 1 hit, 0 errors, 1 left on base; Winston-Salem 5 - Rocky Mount 9 |
| BOTTOM OF THE 8TH |
|
Rocky Mount Leafs batting - Pitching for Winston-Salem Spirits : LHP Michael Biedenkapp
|
|
Batting: RHB Glen Bockhorn
|
0-0: Ball 1-0: Foul Ball, location: 2F 1-1: Ball 2-1: Swinging Strike 2-2: Foul Ball, location: 2F 2-2: Foul Ball, location: 2F 2-2: Foul Ball, location: 2F 2-2: SINGLE (Groundball, 6D, EV 107.5 MPH)
|
|
Batting: RHB Kevin McGann
|
0-0: Called Strike 0-1: Called Strike 0-2: Ball 1-2: Ball 2-2: Foul Ball, location: 2F 2-2: Ball 3-2: DOUBLE (Flyball, 8RXD, EV 101.3 MPH) Glen Bockhorn to third
|
|
Batting: RHB James Camacho
|
0-0: Ball 1-0: Ball 2-0: Called Strike 2-1: Ball 3-1: Base on Balls
|
|
Batting: RHB Theodore Smith
|
0-0: Ball 1-0: Swinging Strike 1-1: Ball 2-1: Swinging Strike 2-2: TRIPLE (Flyball, 9LD, EV 103.8 MPH) Glen Bockhorn scores Kevin McGann scores James Camacho scores
|
|
Batting: RHB Sergio Loya
|
0-0: Called Strike 0-1: Swinging Strike 0-2: Ball 1-2: Strikes out swinging
|
|
Pitching: RHP Craig Bricker
|
|
|
Batting: RHB Brian Poldberg
|
0-0: Called Strike 0-1: Ground out 6-3 (Groundball, 6M, EV 89.4 MPH) Theodore Smith scores
|
|
Batting: RHB Todd Cruz
|
0-0: Fly out, F9 (Line Drive, 9, EV 99.4 MPH)
|
| Bottom of the 8th over - 4 runs, 3 hits, 0 errors, 0 left on base; Winston-Salem 5 - Rocky Mount 13 |
| TOP OF THE 9TH |
|
Winston-Salem Spirits batting - Pitching for Rocky Mount Leafs : RHP Nicolas Decena
|
|
Batting: RHB Kelly Miller
|
0-0: Called Strike 0-1: SINGLE (Groundball, 13, EV 86.9 MPH) (infield hit)
|
|
Pinch Hitting: RHB James Poff
|
0-0: Ball 1-0: Called Strike 1-1: Ball 2-1: Ball 3-1: Base on Balls Kelly Miller to second
|
|
Batting: RHB Angelo Ross
|
0-0: Ball 1-0: Called Strike 1-1: Called Strike 1-2: Strikes out looking
|
|
Pinch Hitting: LHB Grant Alpaugh
|
0-0: Ball 1-0: Swinging Strike 1-1: Fly out, F7 (Flyball, 78M, EV 92.5 MPH)
|
|
Pinch Hitting: RHB Venson Davis
|
0-0: Foul Ball, location: 2F 0-1: Swinging Strike 0-2: Ball 1-2: Ground out U3 (Groundball, 34, EV 86.9 MPH)
|
| Top of the 9th over - 0 runs, 1 hit, 0 errors, 2 left on base; Winston-Salem 5 - Rocky Mount 13 |
|